 Dungeon Crawl Stone Soup version 0.30-a0-782-ge64f9170bb (console) character file.

Game seed: 8458986708671582176

40 utis the Caller (level 3, -1/21 HPs)
             Began as a Tengu Wanderer on Feb 26, 2023.
             Killed by nerve-wracking pain
             ... invoked by Jessica
              (14 damage)
             ... on level 2 of the Dungeon.
             The game lasted 00:04:54 (1209 turns).

utis the Caller (Tengu Wanderer)                    Turns: 1209, Time: 00:04:54

Health: -1/21      AC:  5    Str: 10    XL:     3   Next: 50%
Magic:  2/7        EV:  9    Int: 16    God:
Gold:   19         SH:  0    Dex: 13    Spells: 4/6 levels left

rFire   . . .      SeeInvis .    a - +0 dagger
rCold   . . .      Faith    .    (no shield)
rNeg    . . .      Spirit   .    c - +0 ring mail
rPois   .          Reflect  .    (helmet restricted)
rElec   .          Harm     .    (no cloak)
rCorr   .          Rampage  .    (no gloves)
Will    .....                    (boots unavailable)
Stlth   +                        (no amulet)
HPRegen 0.23/turn                (no ring)
MPRegen 0.10/turn                (no ring)

@: very slightly contaminated, slowed, very slow
A: beak, talons 3
a: no special abilities


You were on level 2 of the Dungeon.
You visited 1 branch of the dungeon, and saw 2 of its levels.

You collected 19 gold pieces.

Inventory:

Hand Weapons
 a - a +0 dagger (weapon)
Armour
 c - a +0 ring mail (worn)
Scrolls
 b - 3 scrolls of teleportation {@r4}
 e - a scroll of fog {unknown}
 h - a scroll of enchant armour {unknown}
Potions
 d - 2 potions of curing {unknown}
 f - a potion of haste {unknown}
 g - a potion of lignification {unknown}


   Skills:
 - Level 2.0 Fighting
 - Level 1.1 Armour
 - Level 2.0 Spellcasting
 - Level 6.0 Summonings
 + Level 1.6 Transmutations
 + Level 2.0 Poison Magic


You had 4 spell levels left.
You knew the following spells:

 Your Spells              Type           Power      Damage    Failure   Level
p - Sting                 Tmut/Pois      28%        1d4       26%         1
z - Summon Small Mammal   Summ           80%        N/A       4%          1

Your spell library contained the following spells:

 Spells                   Type           Power      Damage    Failure   Level
 Call Canine Familiar     Summ           20%        N/A       13%         3
 Mephitic Cloud           Conj/Pois/Air  3%         N/A       75%         3
 Ozocubu's Armour         Ice            1%         N/A       83%         3
 Summon Ice Beast         Ice/Summ       11%        N/A       83%         4
 Ozocubu's Refrigeration  Ice            0%         4d7       100%        7


Dungeon Overview and Level Annotations

Branches:
Dungeon (2/15)

Altars:

Shops:
D:1 ?

Annotations:
D:2 Jessica


Innate Abilities, Weirdness & Mutations

You have a beak for a mouth.
You have claws for feet.


Message History

You are very lightly contaminated with residual magic.
Nothing appears to happen.
Jessica barely misses you.
You miscast Sting.
Nothing appears to happen.
* * * LOW MAGIC WARNING * * *
Jessica hits you with a +0 club.
Jessica mumbles some strange words.
Jessica blinks!
You can't see any susceptible monsters within range! (Use Z to cast anyway.)
You can't see any susceptible monsters within range! (Use Z to cast anyway.)
You can't see any susceptible monsters within range! (Use Z to cast anyway.)
* * * LOW MAGIC WARNING * * *
Jessica gestures wildly while chanting.
Jessica blinks!
You swap places.
Your bat hits Jessica.
Things that are here:
a +0 club; a +0 whip; a kobold corpse
* * * LOW MAGIC WARNING * * *
Your bat hits Jessica.
Your bat barely misses Jessica.
Jessica gestures at you while chanting.
You feel yourself slow down.
You swap places.
Jessica looks more healthy.
Your bat hits Jessica but does no damage.
Your bat hits Jessica.
Jessica looks very angry.
Your rat bites Jessica.
Jessica barely misses your rat.
Your rat bites Jessica.
Your bat closely misses Jessica.
Your bat closely misses Jessica. x2
Jessica mumbles some strange words.
Jessica blinks!
Jessica mumbles some strange words.
Jessica blinks!
Jessica hits you with a +0 club. Jessica closely misses you.
You hit Jessica but do no damage.
Jessica is almost dead.
Jessica hits you with a +0 club. Jessica casts a spell at you.
Pain shoots through your body!
Ouch! That really hurt!
You die...

░░░░░ ░░░░░░░░░░░...░░
░....).........░
░..............░░░ ░
░.░░░░░░░░........
░...░░░░░░░.░░░░░░░░░...░
.......<...Q.rb)..†....░░
░...░░░░░░.@░░░░░░░░░..░
░ ░........░ ░..░░░░░
░..░░░░░.░ ░....<.. ░..░
░.░░░░░░ ░..░ ░B...░
..... |.░░.░ ...░░░░ ....
░ ░░░░░ B...w


You could see Jessica (fast, ally target), a friendly bat (summoned) and a
friendly rat (summoned).

Vanquished Creatures
  An adder (D:2)
  3 dart slugs
  3 bats (D:1)
  2 endoplasms (D:1)
  A giant cockroach (D:2)
  5 goblins
  2 hobgoblins (D:1)
  A ball python (D:1)
  A frilled lizard (D:1)
  3 kobolds
  A rat (D:1)
23 creatures vanquished.

Vanquished Creatures (collateral kills)
  A ball python (D:1)
  A rat (D:1)
2 creatures vanquished.

Grand Total: 25 creatures vanquished

Notes
Turn   | Place    | Note
-------+----------+-------------------------------------------
     0 | D:1      | utis the Tengu Wanderer began the quest for the Orb.
     0 | D:1      | utis set off with the following items: a +0 dagger, a
                  | scroll of teleportation {@r4}, a +0 ring mail; and the
                  | following spells available to memorise: Summon Small
                  | Mammal, Call Canine Familiar, Sting, Summon Ice Beast,
                  | Mephitic Cloud.
     0 | D:1      | Reached XP level 1. HP: 12/12 MP: 4/4
     2 | D:1      | Learned a level 1 spell: Summon Small Mammal
     4 | D:1      | Learned a level 1 spell: Sting
   287 | D:1      | Reached skill level 1 in Poison Magic
   287 | D:1      | Reached XP level 2. HP: 17/17 MP: 6/6
   334 | D:1      | Reached skill level 1 in Transmutations
   544 | D:1      | Found a faded altar of an unknown god.
   544 | D:1      | Noticed a tormentor
   609 | D:1      | Found Ighot's Magic Scroll Boutique.
  1101 | D:2      | Reached XP level 3. HP: 17/21 MP: 5/7
  1170 | D:2      | Noticed Jessica
  1209 | D:2      | Killed from afar by Jessica

Illustrated notes

Levels and vault maps discovered:
D:1:      minmay_arrival_pointy, layout_basic, serial_shops,
          nicolae_lakefront_shop, dreamdust_ecumenical_altar_sealed_demon
D:2:      layout_loops_ring, chequers_garden, uniq_jessica

Skill      XL: |  1  2  3 |
---------------+----------+-----
Poison Magic   | 1 2 |  2.0
Transmutations | 1 |  1.6
Fighting       | |  2.0
Armour         | |  1.1
Spellcasting   | |  2.0
Summonings     | |  6.0

Action                     || total
---------------------------++-------
  Melee: Dagger            ||    56
         Peck              ||     6
         Kick              ||     9
   Cast: Summon Small Mamm ||     6
         Sting             ||     9
 Armour: Ring mail         ||    26
  Dodge: Dodged            ||    27

Table legend: (Time is in decaauts)
 A = Elapsed time spent in this place.
 B = Non-inter-level travel time spent in this place.
 C = Inter-level travel time spent in this place.
 D = Time resting spent in this place.
 E = Time spent auto-exploring this place.
 F = Levels seen in this place.
 G = Mean time per level.
                   A        B        C        D        E       F      G
               +--------+--------+--------+--------+--------+-----+--------+
         Total |   1210 |   1129 |     81 |    196 |    716 |   2 |  605.0 |
       Dungeon |   1210 |   1129 |     81 |    196 |    716 |   2 |  605.0 |
               +--------+--------+--------+--------+--------+-----+--------+

Top non-repeatable levels by time:
     D:1: 1050 daAuts
     D:2: 160 daAuts
